 Dungeon Sprint DCSS version 0.27-a0-489-g24c7b1a3ef (webtiles) character file.

Game seed: 5905762561890722066

23 rocky1 the Digger (level 2, -8/20 HPs)
             Began as a Draconian Earth Elementalist on Mar 2, 2021.
             Was a Follower of Sif Muna.
             Mangled by a warg (9 damage)
             ... in the Dungeon (Sprint VII: "The Pits").
             The game lasted 00:01:59 (314 turns).

rocky1 the Digger (Draconian Earth Elementalist)     Turns: 314, Time: 00:02:00

Health: -8/20      AC:  4    Str: 10    XL:     2   Next: 75%
Magic:  1/5        EV: 12    Int: 15    God:    Sif Muna [*.....]
Gold:   0          SH:  0    Dex: 11    Spells: 4/5 levels left

rFire    . . .     SeeInvis .   k - +2 quarterstaff
rCold    . . .     Faith    .   (shield currently unavailable)
rNeg     . . .     Spirit   .   (armour unavailable)
rPois    .         Reflect  .   (helmet restricted)
rElec    .         Harm     .   (no cloak)
rCorr    .         Rampage  .   (no gloves)
Will     .....     NoTele   +   (no boots)
Stlth    ++........             (no amulet)
HPRegen  0.06/turn              (no ring)
MPRegen  0.09/turn              (no ring)

@: no status effects
A: unfitting armour, cold-blooded, AC +4
a: Renounce Religion, Channel Magic


You were in the Dungeon.
You worshipped Sif Muna.
Sif Muna was aware of your devotion.
You visited 1 branch

Inventory:

Hand Weapons
 k - a +2 quarterstaff (weapon)
Missiles
 b - 26 stones
Scrolls
 h - a scroll of blinking
 i - 5 scrolls of amnesia
 j - a scroll of summoning
Potions
 a - 2 potions of invisibility
 e - a potion of haste
 f - 3 potions of magic
 g - 3 potions of berserk rage


   Skills:
 - Level 1.7 Dodging
 - Level 1.7 Stealth
 - Level 2.0 Spellcasting
 - Level 1.0 Transmutations
 + Level 6.4 Earth Magic


You had 4 spell levels left.
You knew the following spells:

 Your Spells              Type           Power        Failure   Level
a - Sandblast             Erth           40%          1%          1

Your spell library contained the following spells:

 Spells                   Type           Power        Failure   Level
 Passwall                 Tmut/Erth      10%          8%          2
 Stone Arrow              Conj/Erth      22%          19%         3
 Petrify                  Tmut/Erth      12%          43%         4
 Lee's Rapid Deconstruct  Erth           10%          41%         5


Dungeon Overview and Level Annotations

Branches:
Dungeon (1/1)

Altars:
Ashenzari
Cheibriados
Dithmenos
Elyvilon
Fedhas
Gozag
Hepliaklqana
Kikubaaqudgha
Makhleb
Nemelex Xobeh
Okawaru
Qazlal
Ru
Sif Muna
Trog
Uskayaw
Vehumet
Wu Jian
Xom
Yredelemnul
Zin
The Shining One
Beogh
Jiyva
Lugonu


Innate Abilities, Weirdness & Mutations

Your plain brown scales are hard. (AC +4)
You cannot fit into any form of body armour.
You are cold-blooded and may be slowed by cold attacks.


Message History

Casting: Sandblast (safe; 1% risk of failure)
Confirm with . or Enter, or press ? or * to list all spells.
Aiming: Sandblast (safe; 1% risk of failure)
Press: ? - help, Shift-Dir - straight line, f/p - warg
Aim: a warg (heavily wounded, 24% to evade)
The blast of sand hits the warg but does no damage.
The warg is heavily wounded.
The warg bites you. The warg bites you!
Ouch! That really hurt!
* * * LOW HITPOINT WARNING * * *
You feel better. The warg closely misses you.
Unknown command.
Casting: Sandblast (safe; 1% risk of failure)
Confirm with . or Enter, or press ? or * to list all spells.
Aiming: Sandblast (safe; 1% risk of failure)
Press: ? - help, Shift-Dir - straight line, f/p - warg
Aim: a warg (heavily wounded, 24% to evade)
The blast of sand hits the warg.
The warg is heavily wounded.
The warg bites you!
Ouch! That really hurt!
* * * LOW HITPOINT WARNING * * *
Casting: Sandblast (safe; 1% risk of failure)
Confirm with . or Enter, or press ? or * to list all spells.
Aiming: Sandblast (safe; 1% risk of failure)
Press: ? - help, Shift-Dir - straight line, f/p - warg
Aim: a warg (heavily wounded, 24% to evade)
The blast of sand hits the warg.
The warg is severely wounded.
The warg closely misses you. x2
Unknown command.
Casting: Sandblast (safe; 1% risk of failure)
Confirm with . or Enter, or press ? or * to list all spells.
Aiming: Sandblast (safe; 1% risk of failure)
Press: ? - help, Shift-Dir - straight line, f/p - warg
Aim: a warg (heavily wounded, 24% to evade)
The blast of sand hits the warg!
The warg is almost dead.
The warg bites you!
You die...

##########'##...........
#.?..')))'.##......#..#.
##########.##...........
#...........'...........
#+#####'#####......#..#.
#.....##...........
#####'#####'#####++
#...รท.##.......#
#..@..##.......#
###h####.......#
#..Z.g##...<...#
........##.......#
#........##.......#
###########.......#
#########


You could see a warg and a giant cockroach zombie.

Vanquished Creatures
  A river rat (D)
  An ufetubus (D)
  An ooze (D)
  2 hobgoblins (D)
  A quokka (D)
6 creatures vanquished.

Notes
Turn   | Place    | Note
-------+----------+-------------------------------------------
     0 | D        | rocky1 the Draconian Earth Elementalist began the quest for
                  | the Orb.
     0 | D        | Reached XP level 1. HP: 14/14 MP: 3/3
    15 | D        | Reached skill level 4 in Earth Magic
    48 | D        | Found a bloodstained altar of Trog.
    48 | D        | Found a shimmering blue altar of Sif Muna.
    48 | D        | Found a viscous altar of Jiyva.
    48 | D        | Found a hazy altar of Hepliaklqana.
    48 | D        | Found an opulent altar of Gozag.
    49 | D        | Found a glowing golden altar of the Shining One.
    49 | D        | Found a glowing silver altar of Zin.
    49 | D        | Found a basalt altar of Yredelemnul.
    49 | D        | Found a shimmering altar of Xom.
    49 | D        | Found an ornate altar of the Wu Jian Council.
    49 | D        | Found a sacrificial altar of Ru.
    49 | D        | Found a stormy altar of Qazlal.
    49 | D        | Found an iron altar of Okawaru.
    49 | D        | Found a sparkling altar of Nemelex Xobeh.
    49 | D        | Found a burning altar of Makhleb.
    49 | D        | Found a blossoming altar of Fedhas.
    49 | D        | Found a white marble altar of Elyvilon.
    49 | D        | Found a shadowy altar of Dithmenos.
    49 | D        | Found a snail-covered altar of Cheibriados.
    52 | D        | Found a corrupted altar of Lugonu.
    52 | D        | Found a radiant altar of Vehumet.
    52 | D        | Found a roughly hewn altar of Beogh.
    53 | D        | Found an ancient bone altar of Kikubaaqudgha.
    53 | D        | Found a hide-covered altar of Uskayaw.
    53 | D        | Found a broken altar of Ashenzari.
    54 | D        | Became a worshipper of Sif Muna the Loreminder
    71 | D        | Reached skill level 5 in Earth Magic
    71 | D        | Reached XP level 2. HP: 18/20 MP: 5/5
    86 | D        | Reached * piety under Sif Muna
    89 | D        | Reached skill level 6 in Earth Magic
   300 | D        | Noticed a warg
   312 | D        | HP: 1/20 [warg (15)]
   314 | D        | Mangled by a warg

Illustrated notes

Levels and vault maps discovered:
D:        pitsprint [storerooms_1, entrance_room_1, metal_vault_5, armoury_1,
          mini_pit_1, grid_room_1, main_hall_1, silver_pit, the_coven_3,
          the_vestibule_1, steel_vault_4, golden_pit, hallway_of_sentries,
          crystal_vault_6, iron_vault_2, final_vault]

Skill      XL: |  1  2 |
---------------+-------+-----
Earth Magic    | 5 6 |  6.4
Dodging        | |  1.7
Stealth        | |  1.7
Spellcasting   | |  2.0
Transmutations | |  1.0

Action                   || total
-------------------------++-------
Melee: Quarterstaff      ||    12
       Tailslap          ||     2
 Cast: Sandblast         ||    14
  Use: Potion            ||     3
 Stab: Sleeping          ||     2
Armor: Skin              ||     2
Dodge: Dodged            ||    25

Table legend: (Time is in decaauts)
 A = Elapsed time spent in this place.
 B = Non-inter-level travel time spent in this place.
 C = Inter-level travel time spent in this place.
 D = Time resting spent in this place.
 E = Time spent auto-exploring this place.
 F = Levels seen in this place.
 G = Mean time per level.
                   A        B        C        D        E       F      G
               +--------+--------+--------+--------+--------+-----+--------+
         Total |    317 |    317 |      0 |    206 |      0 |   1 |  317.0 |
       Dungeon |    317 |    317 |      0 |    206 |      0 |   1 |  317.0 |
               +--------+--------+--------+--------+--------+-----+--------+

Top non-repeatable levels by time:
       D: 317 daAuts
